 Dungeon Crawl Stone Soup version 0.17-a0-1435-geafbe2f (console) character file.

26 Fusha the Poker (level 3, -1/29 HPs)
             Began as a Merfolk Abyssal Knight on June 27, 2015.
             Was a Follower of Lugonu.
             Slain by an adder (2 damage)
             ... on level 2 of the Dungeon.
             The game lasted 00:03:38 (1167 turns).

Fusha the Poker (Merfolk Abyssal Knight)            Turns: 1167, Time: 00:03:38

Health: -1/29      AC:  4    Str: 12    XL:     3   Next: 8%
Magic:  4/4        EV: 12    Int: 11    God:    Lugonu [*.....]
Gold:   135        SH:  4    Dex: 14    Spells: 0 memorised, 2 levels left

rFire  . . .     SeeInvis .     a - +1 spear
rCold  . . .     Clarity  .     b - +0 leather armour
rNeg   . . .     SustAt   .     g - +0 buckler
rPois  .         Gourm    .     f - +0 helmet
rElec  .         Spirit   .     (no cloak)
rCorr  .         Warding  .     (no gloves)
rMut   .         Stasis   .     (no boots)
MR     .....                    (no amulet)
Stlth  +.........               (no ring)
                                (no ring)

@: lethally poisoned (-1 -> -4), not resistant to hostile enchantments, very
unstealthy
A: change form in water, swift swim
a: Depart the Abyss, Renounce Religion


You were on level 2 of the Dungeon.
You worshipped Lugonu.
Lugonu was aware of your devotion.
You were not hungry.

You visited 1 branch of the dungeon, and saw 2 of its levels.
You visited the Abyss 1 time.

You collected 135 gold pieces.

Inventory:

Hand weapons
 a - a +1 spear (weapon)
 j - a +1 mace of crushing
Armour
 b - a +0 leather armour (worn)
 f - a +0 helmet (worn)
 g - a +0 buckler (worn)
Scrolls
 e - a scroll of magic mapping
 l - a scroll of enchant weapon {unknown}
 n - a scroll of recharging {unknown}
Potions
 d - a potion of haste {unknown}
 h - a potion of cancellation
 i - a potion of flight {unknown}
 m - 2 potions of curing
 o - a potion of brilliance {unknown}
Comestibles
 c - 3 bread rations


   Skills:
 - Level 3.2 Fighting
 * Level 4.0 Polearms
 - Level 0.6 Armour
 + Level 3.5 Dodging
 + Level 0.8 Shields
 - Level 2.0 Invocations


You had 2 spell levels left.
You didn't know any spells.

Dungeon Overview and Level Annotations

Branches:
Dungeon (2/15)

Altars:


Message History

You feel sick. The adder bites you.
Drink which item? (? for menu, Esc to quit)
It was a potion of cancellation.
You feel magically purged.
You feel sick. The adder barely misses you.
The gnoll hits you from afar with a spear of flaming.
* * * LOW HITPOINT WARNING * * *
The gnoll burns you.
* * * LOW HITPOINT WARNING * * *
Read which item? (? for menu, Esc to quit)
As you read the scroll labeled NAZETWEMYU, it crumbles to dust.
You feel aware of your surroundings.
It was a scroll of magic mapping.
You block the adder's attack. The gnoll hits you but does no damage.
Read which item? (? for menu, Esc to quit)
As you read the scroll labeled ZESITHREFOL, it crumbles to dust.
It is a scroll of identify.
Identify which item? (\ to view known items) (? for menu, Esc to quit)
m - 2 potions of curing The adder bites you.
You die...

*,,,,,,,,**##.####.#....##.#
#........,,,,,,,............
#...g...#,**,,*#.#.#.###.###
#.......,,**,,...#.....#...#
#......###***..#####.#.#.#.#
#......s.# ##.,.........#.#
#........# #,,####...#.#.#
#.......g#####..########.#.#
#......sggS@.....(.........#
##....########.##.#######.###
#............#,..............
#..........(.#**##.######.##.
#............#####...........
####...............###.#####.#..
#................#.###..# #.#..
#.......................## #.#.#
#.....##...#+#####.####..# #.#.#


You could see 3 gnolls, an adder and a giant cockroach.

Vanquished Creatures
  6 bats (D:1)
  2 giant cockroaches (D:2)
  4 hobgoblins
  3 kobolds
  4 goblins
  5 rats
24 creatures vanquished.

Notes
Turn   | Place    | Note
--------------------------------------------------------------
     0 | Abyss:1  | Fusha the Merfolk Abyssal Knight began the quest for the Orb.
     0 | Abyss:1  | Reached XP level 1. HP: 18/18 MP: 2/2
   107 | Abyss:1  | Noticed a small abomination
   185 | Abyss:1  | Noticed a tentacled starspawn
   186 | D:1      | Escaped the Abyss
   246 | D:1      | Acquired Lugonu's first power
   468 | D:1      | Reached XP level 2. HP: 24/24 MP: 3/3
  1050 | D:2      | Reached XP level 3. HP: 20/29 MP: 4/4
  1145 | D:2      | Reached skill level 4 in Polearms
  1165 | D:2      | HP: 1/29 [gnoll/spear of flaming (1)]
  1167 | D:2      | Slain by an adder

Vault maps used:
D:1:      shiori_arrival_oz
D:2:      first_bread

Action                   || total
-------------------------++-------
Melee: Spear             ||   100
Invok: Depart the Abyss  ||     1
  Use: Scroll            ||     2
       Potion            ||     1
 Stab: Sleeping          ||     1
  Eat: Bread ration      ||     1
